 Dungeon Crawl Stone Soup version 0.18-a0-1347-gb9e2fb4 (webtiles) character file.

65 WarriorsX the Magician (level 4, -2/31 HPs)
             Began as a Human Wizard on Feb 17, 2016.
             Slain by an adder (4 damage)
             ... on level 2 of the Dungeon.
             The game lasted 00:18:10 (2529 turns).

WarriorsX the Magician (Human Wizard)               Turns: 2529, Time: 00:18:10

Health: -2/31      AC:  2    Str:  8    XL:     4   Next: 34%
Magic:  7/10       EV: 12    Int: 19    God:
Gold:   65         SH:  0    Dex: 11    Spells: 3 memorised, 6 levels left

rFire  . . .     SeeInvis +     f - -2 hand axe (curse)
rCold  . . .     Gourm    .     a - +0 robe
rNeg   . . .     Faith    .     (no shield)
rPois  .         Spirit   .     b - +0 hat
rElec  .         Dismiss  .     (no cloak)
rCorr  .         Reflect  .     (no gloves)
SustAt .         Harm     .     (no boots)
MR     .....                    (no amulet)
Stlth  ++........               (no ring)
                                e - ring of see invisible

@: lethally poisoned (-2 -> -11), not resistant to hostile enchantments,
unstealthy
A: no striking features
a: no special abilities


You were on level 2 of the Dungeon.
You were not hungry.

You visited 1 branch of the dungeon, and saw 2 of its levels.

You collected 65 gold pieces.

Inventory:

Hand Weapons
 f - a cursed -2 hand axe (weapon)
 i - a +2 dagger of holy wrath
Armour
 a - a +0 robe (worn)
 b - a +0 hat (worn)
Jewellery
 e - a ring of see invisible (left hand)
 k - a +5 ring of protection {unknown}
Scrolls
 l - a scroll of identify {unknown}
Books
 c - a book of Minor Magic

   Spells                             Type                      Level
   a - Magic Dart                     Conjuration                  1
   b - Blink                          Translocation                2
   c - Call Imp                       Summoning                    2
   d - Repel Missiles                 Charms/Air                   2
   e - Slow                           Hexes                        2
   f - Conjure Flame                  Conjuration/Fire             3
   g - Mephitic Cloud                 Conjuration/Poison/Air       3
Comestibles
 d - a bread ration
 g - a meat ration
 h - a royal jelly
 j - 2 beef jerkies


   Skills:
 - Level 0.4 Fighting
 - Level 2.0 Dodging
 - Level 2.0 Stealth
 + Level 4.5 Spellcasting
 - Level 1.0 Conjurations
 + Level 1.1 Summonings
   Level 1.0 Translocations


You had 6 spell levels left.
You knew the following spells:

 Your Spells              Type           Power        Failure   Level  Hunger
a - Magic Dart            Conj           #...         10%         1    None
b - Call Imp              Summ           #.......     14%         2    #......
c - Conjure Flame         Conj/Fire      #.......     34%         3    ###....


Dungeon Overview and Level Annotations

Branches:
Dungeon (2/15)

Altars:
Ashenzari
Nemelex Xobeh
Ru
Trog


Message History

You are more poisoned.
The adder poisons you!
Casting: Magic Dart
Confirm with . or Enter, or press ? or * to list all spells.
Aiming: Magic Dart
Press: ? - help, Shift-Dir - straight line, f/p - adder
Aim: an adder The magic dart hits the adder.
The adder is lightly wounded.
You feel sick. The adder bites you.
* * * LOW HITPOINT WARNING * * *
You are more poisoned.
The adder poisons you!
* * * LOW HITPOINT WARNING * * *
You feel sick.
Your magical contamination has completely faded away.
It was a potion of cancellation.
You feel magically purged.
* * * LOW HITPOINT WARNING * * *
You feel sick. The adder misses you. The adder bites you.
You die...

####.######.......####[.###......
... #......##.......###.##. ###
#...............)...#.. #
#........#............#
#.#.............##.......
..#.#.#..........#####.######
_........#.###.....)...#
..#.#.#.##.##..#########
#.#...sS@..# .. # #.......## ##.#
#.....### ... ###.....##
####.##### ##......#
......#..###....#......
...##....##.....###...#
...#.....#.[#...####...
....)...>..##..)...#...


You could see an adder and a giant cockroach.

Vanquished Creatures
  A gnoll (D:2)
  A giant gecko (D:2)
  7 bats
  2 giant cockroaches (D:1)
  11 goblins
  7 hobgoblins
  6 kobolds
  A ball python (D:1)
  2 giant newts
  2 rats
40 creatures vanquished.

Vanquished Creatures (collateral kills)
  2 gnolls (D:2)
  2 hobgoblins (D:2)
4 creatures vanquished.

Vanquished Creatures (others)
  A ball python (D:2)
  4 jackals (D:2)
5 creatures vanquished.

Grand Total: 49 creatures vanquished

Notes
Turn   | Place    | Note
--------------------------------------------------------------
     0 | D:1      | WarriorsX the Human Wizard began the quest for the Orb.
     0 | D:1      | Reached XP level 1. HP: 13/13 MP: 4/4
   628 | D:1      | Reached XP level 2. HP: 19/19 MP: 1/6
  1304 | D:1      | Reached XP level 3. HP: 22/25 MP: 1/8
  1544 | D:2      | Found a sparkling altar of Nemelex Xobeh.
  1613 | D:2      | Found a bloodstained altar of Trog.
  1673 | D:2      | Reached skill level 4 in Spellcasting
  2003 | D:2      | Learned a level 2 spell: Call Imp
  2007 | D:2      | Learned a level 3 spell: Conjure Flame
  2062 | D:2      | Reached XP level 4. HP: 21/31 MP: 1/10
  2272 | D:2      | Found a shattered altar of Ashenzari.
  2519 | D:2      | Found a sacrificial altar of Ru.
  2529 | D:2      | Slain by an adder

Vault maps used:
D:1:      dpeg_arrival_circle_labyrinth_a, minivault_24,
          corexii_leaking_fountain, minmay_tree_intersection
D:2:      bloody_trog, elyvilon_altar_4, nicolae_ru_sacrificial_ziggurat,
          nemelex_altar_shiori, nicolae_overflow_crystal_walls, minivault_14,
          minivault_5

Action                   |  1- 3 |  4- 6 || total
-------------------------+-------+-------++-------
Melee: Hand axe          |    10 |    16 ||    26
 Cast: Magic Dart        |    91 |    29 ||   120
       Call Imp          |     2 |     3 ||     5
       Conjure Flame     |     1 |       ||     1
  Use: Scroll            |     2 |       ||     2
       Potion            |       |     1 ||     1
  Eat: Chunk             |     3 |     2 ||     5
